Map: Worldship

Players

tylerlavally

  • Race: Terran Terran
  • Spawn Location: 7:00

DikPound - Winner!

  • Race: Terran Terran
  • League: Gold
  • Spawn Location: 1:00

VOD

Have the link to the VOD?

Description

Time

  • Played on: March 4, 2022, 6:27 a.m.
  • Length: 3:54
Show
View Real Time Build Order
Export as new Build Order

tylerlavally Terran 

Build Orders:  

Get SALT Encoding   

  12  1:22  Command Center  
Show
View Real Time Build Order
Export as new Build Order

DikPound Terran - Winner!

Build Orders:  

Get SALT Encoding   

  12  0:00  SCV  
  13  0:25  SCV  
  14  0:46  SCV  
  15  0:52  Supply Depot  
  15  0:58  Supply Depot  
  15  1:14  SCV  
  16  1:22  Barracks  
  16  1:23  Barracks  
  16  1:26  SCV  
  17  1:34  Barracks  
  17  2:11  Marine x2  
  19  2:25  Marine  
  19  2:29  Marine x2  
  22  2:31  Barracks  
  22  2:40  Bunker  
  22  2:43  Marine  
  23  2:46  Marine  
  23  2:47  Marine  
  25  2:53  Bunker  
  25  3:00  Marine  
  25  3:04  Marine x2  
  28  3:18  Marine  
  29  3:22  Marine x2  
Tags
 
League
Gold
Matchup
TvT
Race
Terran
Spawn Locations
Cross Positions
Add a new tag
Caveats
  • Supply blocks, unpowered buildings, or Contaminate may cause inaccurate times.
  • Supply counts are checked every 10 seconds.